Selects Advanced Infantry Battlegroup
Selects Convert to Ranger Squad
Construct Weapon Support Center
Selects Frontline Medical Station
Frontline Medical Station
Improved M9 Bazooka Rockets
Selects Ranger Weapon Training
Selects Ammunition Storage
Construct Medical Station
Selects M2A1 105mm Howitzer Emplacement
Selects 155mm Rapid Artillery Barrage
Frontline Medical Station
Construct Weapon Support Center
155mm Rapid Artillery Barrage
155mm Rapid Artillery Barrage